 Dungeon Crawl Stone Soup version 0.31-a0-177-g4aa6249778 (webtiles) character file.

Game seed: 1923529816538168160

126 qw the Chopper (level 5, -1/32 HPs)
             Began as a Gargoyle Fighter on June 18, 2023.
             Slain by a gnoll
             ... wielding a +0 spear
             ... led by a gnoll bouda
              (7 damage)
             ... on level 4 of the Dungeon.
             The game lasted 00:01:55 (3096 turns).

qw the Chopper (Gargoyle Fighter)                   Turns: 3096, Time: 00:01:56

Health: -1/32      AC: 17    Str: 21    XL:     5   Next: 9%
Magic:  5/5        EV:  5    Int:  9    God:
Gold:   160        SH:  4    Dex:  9    Spells: 4/4 levels left

rFire   . . .        Y - +1 war axe
rCold   . . .        c - +0 buckler
rNeg    + . .        m - +0 plate armour
rPois   inf          (no helmet)
rElec   +            (no cloak)
rCorr   .            (no gloves)
SInv    .            a - +1 pair of boots
Will    .....        (no amulet) Stlth
                     (no ring)
HPRegen 0.25/turn    (no ring)
MPRegen 0.09/turn

%: clarity
@: about to teleport
A: sickness immunity, AC +4, negative energy resistance 1, electricity
resistance, torment resistance 1, petrification resistance, talons 1, clarity
a: no special abilities


You were on level 4 of the Dungeon.
You visited 1 branch of the dungeon, and saw 4 of its levels.

You collected 160 gold pieces.


Innate Abilities, Weirdness & Mutations

You are immune to sickness and miasma.
Your stone body is resilient. (AC +4)
You are immune to poison.
You resist negative energy. (rN+)
You are resistant to electric shocks. (rElec)
You are resistant to unholy torment.
You are immune to petrification.
You have sharp toenails.
You possess an exceptional clarity of mind.


   Skills:
 - Level 3.2 Fighting
 + Level 4.6 Axes
 - Level 3.2 Armour
 - Level 3.2 Shields


You had 4 spell levels left.
You didn't know any spells.
Your spell library was empty.

Inventory:

Hand Weapons
 n - a +0 whip
 Y - a +1 war axe (weapon)
Armour
 a - a +1 pair of boots (worn)
 c - a +0 buckler (worn)
 m - a +0 plate armour (worn)
Scrolls
 h - 2 scrolls of teleportation
 l - a scroll of identify
Potions
 b - 3 potions of curing {unknown}
 d - 2 potions of might
 e - a potion of brilliance {unknown}
 f - a potion of ambrosia {unknown}
 g - a potion of resistance {unknown}
 i - a potion of mutation
 j - a potion of enlightenment
 k - a potion of berserk rage {unknown}
 o - a potion of haste
 p - a potion of magic {unknown}

Dungeon Overview and Level Annotations

Branches:
Dungeon (4/15)
 Temple: D:4-7

Altars:
Makhleb

Annotations:
D:3 exclusions: 3 goblins and 2 hobgoblins
D:4 exclusion: 5 orcs


Message History

A gnoll comes into view. It is wielding a +0 whip.
The gnoll shouts!
The orc wizard mumbles some strange words.
The orc wizard flickers and vanishes!
Deactivating autopickup; reactivate with Ctrl-A.
An orc comes into view. It is wielding a +0 mace.
The gnoll hits you with a +0 spear.
The gnoll moves out of view.
You hear an angry hiss.
Enter note:
Enter note:
Enter note:
Enter note:
Enter note:
Enter note:
Enter note:
Enter note:
Enter note:
Enter note:
Enter note:
Enter note:
Enter note:
Enter note:
Enter note:
Enter note:
Enter note:
Enter note:
Enter note:
Enter note:
Enter note:
Enter note:
3095 ||| READING 3 scrolls of teleportation.
As you read the scroll of teleportation, it crumbles to dust.
You feel strangely unstable. The gnoll hits you but does no damage.
You block the gnoll's attack.
You slash the gnoll!
The gnoll is almost dead.
You hit the gnoll.
A ball python comes into view.
You block the gnoll's attack. The gnoll hits you with a +0 spear!
You die...

..S. '.....# ....
#.....# .....
#o....# .....
#.....#
.....o#....#
....o{#....###+##+
.....ggg~~~~......
#@)~~~~~....
#.~~~~~~~~##
#......#..~~~~~~~~~
#......#...~~~~~~~~
#......+...#.~~~~~~
#......#...#...~~~~
#......#...#......~
#......#..##..##.##
#......#..##..# #


You could see an orc wizard, 3 gnolls, 2 orcs and a ball python.

Vanquished Creatures
  An orc priest (D:3)
  A gnoll bouda (D:4)
  A worm (D:2)
  A dart slug (D:4)
  4 orcs
  6 ball pythons
  5 endoplasms
  3 giant cockroaches
  9 goblins
  3 hobgoblins
  2 jackals (D:1)
  7 kobolds
  3 quokkas
  4 bats
  5 frilled lizards
  A rat (D:1)
56 creatures vanquished.

Notes
Turn   | Place    | Note
-------+----------+-------------------------------------------
     0 | D:1      | qw the Gargoyle Fighter began the quest for the Orb.
     0 | D:1      | Reached XP level 1. HP: 14/14 MP: 1/1
     0 | D:1      | 0 ||| qw: Version: 0.3-a-5-g6f28e65
     0 | D:1      | 0 ||| qw: Game counter: 513
     0 | D:1      | 0 ||| qw: Always use a shield: true
     0 | D:1      | 0 ||| qw: God list: Okawaru
     0 | D:1      | 0 ||| qw: Allow faded altars: false
     0 | D:1      | 0 ||| qw: Do Orc after D:15 true
     0 | D:1      | 0 ||| qw: Do second Lair branch before Depths: true
     0 | D:1      | 0 ||| qw: Lair rune preference: random
     0 | D:1      | 0 ||| qw: Plans: Normal, Zot:1-4, Slime:5, God:TSO, Crypt,
                  | Tomb, Abyss, Pan, Hells, Win
     0 | D:1      | 0 ||| PLANNING D:1-11
    34 | D:1      | Reached skill level 2 in Axes
   140 | D:1      | Reached XP level 2. HP: 19/19 MP: 2/2
   195 | D:1      | 195 ||| Stepping ~*~*~tactically~*~*~ (stealth).
   242 | D:1      | 242 ||| DROPPING +0 club.
   407 | D:1      | Reached skill level 3 in Axes
   538 | D:1      | 538 ||| READING scroll labelled WOHEAD GEHEPHO.
   539 | D:1      | 539 ||| READING scroll labelled DOAXODEGEFF.
   540 | D:1      | 540 ||| READING scroll labelled UCZENA QANOIWK.
   541 | D:1      | 541 ||| READING scroll labelled EMUNONW APLUMA.
   542 | D:1      | 542 ||| DRINKING 2 bubbling ruby potions.
   542 | D:1      | Gained mutation: You have sharp toenails. [potion of
                  | mutation]
   542 | D:1      | Gained mutation: You possess an exceptional clarity of
                  | mind. [potion of mutation]
   543 | D:1      | 543 ||| DRINKING 2 bubbling purple potions.
   604 | D:2      | Reached XP level 3. HP: 23/23 MP: 3/3
   991 | D:2      | You fall into a shaft and drop 1 floor!
  1028 | D:3      | 1028 ||| UPGRADING to +1 pair of boots.
  1033 | D:3      | 1033 ||| READING 3 scrolls labelled HIOTUBOALU.
  1037 | D:3      | 1037 ||| DRINKING 2 red potions.
  1140 | D:3      | 1140 ||| UPGRADING to +0 plate armour.
  1141 | D:3      | 1141 ||| UPGRADING to +0 plate armour.
  1142 | D:3      | 1142 ||| UPGRADING to +0 plate armour.
  1143 | D:3      | 1143 ||| UPGRADING to +0 plate armour.
  1144 | D:3      | 1144 ||| UPGRADING to +0 plate armour.
  1145 | D:3      | 1145 ||| UPGRADING to +0 plate armour.
  1146 | D:3      | 1146 ||| UPGRADING to +0 plate armour.
  1147 | D:3      | 1147 ||| UPGRADING to +0 plate armour.
  1148 | D:3      | 1148 ||| UPGRADING to +0 plate armour.
  1149 | D:3      | 1149 ||| UPGRADING to +0 plate armour.
  1150 | D:3      | 1150 ||| UPGRADING to +0 plate armour.
  1151 | D:3      | 1151 ||| UPGRADING to +0 plate armour.
  1152 | D:3      | 1152 ||| UPGRADING to +0 plate armour.
  1153 | D:3      | 1153 ||| UPGRADING to +0 plate armour.
  1154 | D:3      | 1154 ||| UPGRADING to +0 plate armour.
  1155 | D:3      | 1155 ||| UPGRADING to +0 plate armour.
  1156 | D:3      | 1156 ||| UPGRADING to +0 plate armour.
  1157 | D:3      | 1157 ||| UPGRADING to +0 plate armour.
  1158 | D:3      | 1158 ||| UPGRADING to +0 plate armour.
  1159 | D:3      | 1159 ||| UPGRADING to +0 plate armour.
  1160 | D:3      | 1160 ||| UPGRADING to +0 plate armour.
  1161 | D:3      | 1161 ||| UPGRADING to +0 plate armour.
  1162 | D:3      | 1162 ||| UPGRADING to +0 plate armour.
  1163 | D:3      | 1163 ||| UPGRADING to +0 plate armour.
  1164 | D:3      | 1164 ||| UPGRADING to +0 plate armour.
  1165 | D:3      | 1165 ||| UPGRADING to +0 plate armour.
  1166 | D:3      | 1166 ||| UPGRADING to +0 plate armour.
  1167 | D:3      | 1167 ||| UPGRADING to +0 plate armour.
  1168 | D:3      | 1168 ||| UPGRADING to +0 plate armour.
  1169 | D:3      | 1169 ||| UPGRADING to +0 plate armour.
  1170 | D:3      | 1170 ||| UPGRADING to +0 plate armour.
  1171 | D:3      | 1171 ||| UPGRADING to +0 plate armour.
  1172 | D:3      | 1172 ||| UPGRADING to +0 plate armour.
  1173 | D:3      | 1173 ||| UPGRADING to +0 plate armour.
  1174 | D:3      | 1174 ||| UPGRADING to +0 plate armour.
  1175 | D:3      | 1175 ||| UPGRADING to +0 plate armour.
  1176 | D:3      | 1176 ||| UPGRADING to +0 plate armour.
  1177 | D:3      | 1177 ||| UPGRADING to +0 plate armour.
  1178 | D:3      | 1178 ||| UPGRADING to +0 plate armour.
  1179 | D:3      | 1179 ||| UPGRADING to +0 plate armour.
  1180 | D:3      | 1180 ||| UPGRADING to +0 plate armour.
  1181 | D:3      | 1181 ||| UPGRADING to +0 plate armour.
  1182 | D:3      | 1182 ||| UPGRADING to +0 plate armour.
  1183 | D:3      | 1183 ||| UPGRADING to +0 plate armour.
  1184 | D:3      | 1184 ||| UPGRADING to +0 plate armour.
  1185 | D:3      | 1185 ||| UPGRADING to +0 plate armour.
  1186 | D:3      | 1186 ||| UPGRADING to +0 plate armour.
  1187 | D:3      | 1187 ||| UPGRADING to +0 plate armour.
  1188 | D:3      | 1188 ||| UPGRADING to +0 plate armour.
  1189 | D:3      | 1189 ||| UPGRADING to +0 plate armour.
  1190 | D:3      | 1190 ||| UPGRADING to +0 plate armour.
  1191 | D:3      | 1191 ||| UPGRADING to +0 plate armour.
  1192 | D:3      | 1192 ||| UPGRADING to +0 plate armour.
  1193 | D:3      | 1193 ||| UPGRADING to +0 plate armour.
  1194 | D:3      | 1194 ||| UPGRADING to +0 plate armour.
  1195 | D:3      | 1195 ||| UPGRADING to +0 plate armour.
  1196 | D:3      | 1196 ||| UPGRADING to +0 plate armour.
  1197 | D:3      | 1197 ||| UPGRADING to +0 plate armour.
  1198 | D:3      | 1198 ||| UPGRADING to +0 plate armour.
  1199 | D:3      | 1199 ||| UPGRADING to +0 plate armour.
  1200 | D:3      | 1200 ||| UPGRADING to +0 plate armour.
  1201 | D:3      | 1201 ||| UPGRADING to +0 plate armour.
  1202 | D:3      | 1202 ||| UPGRADING to +0 plate armour.
  1203 | D:3      | 1203 ||| UPGRADING to +0 plate armour.
  1204 | D:3      | 1204 ||| UPGRADING to +0 plate armour.
  1205 | D:3      | 1205 ||| UPGRADING to +0 plate armour.
  1206 | D:3      | 1206 ||| UPGRADING to +0 plate armour.
  1207 | D:3      | 1207 ||| UPGRADING to +0 plate armour.
  1208 | D:3      | 1208 ||| UPGRADING to +0 plate armour.
  1209 | D:3      | 1209 ||| UPGRADING to +0 plate armour.
  1210 | D:3      | 1210 ||| UPGRADING to +0 plate armour.
  1211 | D:3      | 1211 ||| UPGRADING to +0 plate armour.
  1212 | D:3      | 1212 ||| UPGRADING to +0 plate armour.
  1213 | D:3      | 1213 ||| UPGRADING to +0 plate armour.
  1214 | D:3      | 1214 ||| UPGRADING to +0 plate armour.
  1215 | D:3      | 1215 ||| UPGRADING to +0 plate armour.
  1216 | D:3      | 1216 ||| UPGRADING to +0 plate armour.
  1217 | D:3      | 1217 ||| UPGRADING to +0 plate armour.
  1218 | D:3      | 1218 ||| UPGRADING to +0 plate armour.
  1219 | D:3      | 1219 ||| UPGRADING to +0 plate armour.
  1220 | D:3      | 1220 ||| UPGRADING to +0 plate armour.
  1221 | D:3      | 1221 ||| UPGRADING to +0 plate armour.
  1222 | D:3      | 1222 ||| UPGRADING to +0 plate armour.
  1223 | D:3      | 1223 ||| UPGRADING to +0 plate armour.
  1224 | D:3      | 1224 ||| UPGRADING to +0 plate armour.
  1225 | D:3      | 1225 ||| UPGRADING to +0 plate armour.
  1226 | D:3      | 1226 ||| UPGRADING to +0 plate armour.
  1227 | D:3      | 1227 ||| UPGRADING to +0 plate armour.
  1228 | D:3      | 1228 ||| UPGRADING to +0 plate armour.
  1229 | D:3      | 1229 ||| UPGRADING to +0 plate armour.
  1230 | D:3      | 1230 ||| UPGRADING to +0 plate armour.
  1231 | D:3      | 1231 ||| UPGRADING to +0 plate armour.
  1232 | D:3      | 1232 ||| UPGRADING to +0 plate armour.
  1233 | D:3      | 1233 ||| UPGRADING to +0 plate armour.
  1234 | D:3      | 1234 ||| UPGRADING to +0 plate armour.
  1235 | D:3      | 1235 ||| UPGRADING to +0 plate armour.
  1236 | D:3      | 1236 ||| UPGRADING to +0 plate armour.
  1237 | D:3      | 1237 ||| UPGRADING to +0 plate armour.
  1238 | D:3      | 1238 ||| UPGRADING to +0 plate armour.
  1239 | D:3      | 1239 ||| UPGRADING to +0 plate armour.
  1240 | D:3      | 1240 ||| UPGRADING to +0 plate armour.
  1241 | D:3      | 1241 ||| UPGRADING to +0 plate armour.
  1242 | D:3      | 1242 ||| UPGRADING to +0 plate armour.
  1243 | D:3      | 1243 ||| UPGRADING to +0 plate armour.
  1244 | D:3      | 1244 ||| UPGRADING to +0 plate armour.
  1245 | D:3      | 1245 ||| UPGRADING to +0 plate armour.
  1246 | D:3      | 1246 ||| UPGRADING to +0 plate armour.
  1247 | D:3      | 1247 ||| UPGRADING to +0 plate armour.
  1248 | D:3      | 1248 ||| UPGRADING to +0 plate armour.
  1249 | D:3      | 1249 ||| UPGRADING to +0 plate armour.
  1250 | D:3      | 1250 ||| UPGRADING to +0 plate armour.
  1251 | D:3      | 1251 ||| UPGRADING to +0 plate armour.
  1252 | D:3      | 1252 ||| UPGRADING to +0 plate armour.
  1253 | D:3      | 1253 ||| UPGRADING to +0 plate armour.
  1254 | D:3      | 1254 ||| UPGRADING to +0 plate armour.
  1255 | D:3      | 1255 ||| UPGRADING to +0 plate armour.
  1256 | D:3      | 1256 ||| UPGRADING to +0 plate armour.
  1257 | D:3      | 1257 ||| UPGRADING to +0 plate armour.
  1258 | D:3      | 1258 ||| UPGRADING to +0 plate armour.
  1259 | D:3      | 1259 ||| UPGRADING to +0 plate armour.
  1260 | D:3      | 1260 ||| UPGRADING to +0 plate armour.
  1261 | D:3      | 1261 ||| UPGRADING to +0 plate armour.
  1262 | D:3      | 1262 ||| UPGRADING to +0 plate armour.
  1263 | D:3      | 1263 ||| UPGRADING to +0 plate armour.
  1264 | D:3      | 1264 ||| UPGRADING to +0 plate armour.
  1265 | D:3      | 1265 ||| UPGRADING to +0 plate armour.
  1266 | D:3      | 1266 ||| UPGRADING to +0 plate armour.
  1267 | D:3      | 1267 ||| UPGRADING to +0 plate armour.
  1268 | D:3      | 1268 ||| UPGRADING to +0 plate armour.
  1269 | D:3      | 1269 ||| UPGRADING to +0 plate armour.
  1270 | D:3      | 1270 ||| UPGRADING to +0 plate armour.
  1271 | D:3      | 1271 ||| UPGRADING to +0 plate armour.
  1272 | D:3      | 1272 ||| UPGRADING to +0 plate armour.
  1273 | D:3      | 1273 ||| UPGRADING to +0 plate armour.
  1274 | D:3      | 1274 ||| UPGRADING to +0 plate armour.
  1275 | D:3      | 1275 ||| UPGRADING to +0 plate armour.
  1276 | D:3      | 1276 ||| UPGRADING to +0 plate armour.
  1277 | D:3      | 1277 ||| UPGRADING to +0 plate armour.
  1278 | D:3      | 1278 ||| UPGRADING to +0 plate armour.
  1279 | D:3      | 1279 ||| UPGRADING to +0 plate armour.
  1280 | D:3      | 1280 ||| UPGRADING to +0 plate armour.
  1281 | D:3      | 1281 ||| UPGRADING to +0 plate armour.
  1282 | D:3      | 1282 ||| UPGRADING to +0 plate armour.
  1283 | D:3      | 1283 ||| UPGRADING to +0 plate armour.
  1284 | D:3      | 1284 ||| UPGRADING to +0 plate armour.
  1285 | D:3      | 1285 ||| UPGRADING to +0 plate armour.
  1286 | D:3      | 1286 ||| UPGRADING to +0 plate armour.
  1287 | D:3      | 1287 ||| UPGRADING to +0 plate armour.
  1288 | D:3      | 1288 ||| UPGRADING to +0 plate armour.
  1289 | D:3      | 1289 ||| UPGRADING to +0 plate armour.
  1290 | D:3      | 1290 ||| UPGRADING to +0 plate armour.
  1291 | D:3      | 1291 ||| UPGRADING to +0 plate armour.
  1292 | D:3      | 1292 ||| UPGRADING to +0 plate armour.
  1293 | D:3      | 1293 ||| UPGRADING to +0 plate armour.
  1294 | D:3      | 1294 ||| UPGRADING to +0 plate armour.
  1295 | D:3      | 1295 ||| UPGRADING to +0 plate armour.
  1296 | D:3      | 1296 ||| UPGRADING to +0 plate armour.
  1297 | D:3      | 1297 ||| UPGRADING to +0 plate armour.
  1298 | D:3      | 1298 ||| UPGRADING to +0 plate armour.
  1299 | D:3      | 1299 ||| UPGRADING to +0 plate armour.
  1300 | D:3      | 1300 ||| UPGRADING to +0 plate armour.
  1301 | D:3      | 1301 ||| UPGRADING to +0 plate armour.
  1302 | D:3      | 1302 ||| UPGRADING to +0 plate armour.
  1303 | D:3      | 1303 ||| UPGRADING to +0 plate armour.
  1304 | D:3      | 1304 ||| UPGRADING to +0 plate armour.
  1305 | D:3      | 1305 ||| UPGRADING to +0 plate armour.
  1306 | D:3      | 1306 ||| UPGRADING to +0 plate armour.
  1307 | D:3      | 1307 ||| UPGRADING to +0 plate armour.
  1308 | D:3      | 1308 ||| UPGRADING to +0 plate armour.
  1309 | D:3      | 1309 ||| UPGRADING to +0 plate armour.
  1310 | D:3      | 1310 ||| UPGRADING to +0 plate armour.
  1311 | D:3      | 1311 ||| UPGRADING to +0 plate armour.
  1312 | D:3      | 1312 ||| UPGRADING to +0 plate armour.
  1313 | D:3      | 1313 ||| UPGRADING to +0 plate armour.
  1314 | D:3      | 1314 ||| UPGRADING to +0 plate armour.
  1315 | D:3      | 1315 ||| UPGRADING to +0 plate armour.
  1316 | D:3      | 1316 ||| UPGRADING to +0 plate armour.
  1317 | D:3      | 1317 ||| UPGRADING to +0 plate armour.
  1318 | D:3      | 1318 ||| UPGRADING to +0 plate armour.
  1319 | D:3      | 1319 ||| UPGRADING to +0 plate armour.
  1320 | D:3      | 1320 ||| UPGRADING to +0 plate armour.
  1321 | D:3      | 1321 ||| UPGRADING to +0 plate armour.
  1322 | D:3      | 1322 ||| UPGRADING to +0 plate armour.
  1323 | D:3      | 1323 ||| UPGRADING to +0 plate armour.
  1324 | D:3      | 1324 ||| UPGRADING to +0 plate armour.
  1325 | D:3      | 1325 ||| UPGRADING to +0 plate armour.
  1326 | D:3      | 1326 ||| UPGRADING to +0 plate armour.
  1327 | D:3      | 1327 ||| UPGRADING to +0 plate armour.
  1328 | D:3      | 1328 ||| UPGRADING to +0 plate armour.
  1329 | D:3      | 1329 ||| UPGRADING to +0 plate armour.
  1330 | D:3      | 1330 ||| UPGRADING to +0 plate armour.
  1331 | D:3      | 1331 ||| UPGRADING to +0 plate armour.
  1332 | D:3      | 1332 ||| UPGRADING to +0 plate armour.
  1333 | D:3      | 1333 ||| UPGRADING to +0 plate armour.
  1334 | D:3      | 1334 ||| UPGRADING to +0 plate armour.
  1335 | D:3      | 1335 ||| UPGRADING to +0 plate armour.
  1336 | D:3      | 1336 ||| UPGRADING to +0 plate armour.
  1337 | D:3      | 1337 ||| UPGRADING to +0 plate armour.
  1338 | D:3      | 1338 ||| UPGRADING to +0 plate armour.
  1339 | D:3      | 1339 ||| UPGRADING to +0 plate armour.
  1340 | D:3      | 1340 ||| UPGRADING to +0 plate armour.
  1341 | D:3      | 1341 ||| UPGRADING to +0 plate armour.
  1342 | D:3      | 1342 ||| UPGRADING to +0 plate armour.
  1343 | D:3      | 1343 ||| UPGRADING to +0 plate armour.
  1344 | D:3      | 1344 ||| UPGRADING to +0 plate armour.
  1345 | D:3      | 1345 ||| UPGRADING to +0 plate armour.
  1346 | D:3      | 1346 ||| UPGRADING to +0 plate armour.
  1347 | D:3      | 1347 ||| UPGRADING to +0 plate armour.
  1348 | D:3      | 1348 ||| UPGRADING to +0 plate armour.
  1349 | D:3      | 1349 ||| UPGRADING to +0 plate armour.
  1350 | D:3      | 1350 ||| UPGRADING to +0 plate armour.
  1351 | D:3      | 1351 ||| UPGRADING to +0 plate armour.
  1352 | D:3      | 1352 ||| UPGRADING to +0 plate armour.
  1353 | D:3      | 1353 ||| UPGRADING to +0 plate armour.
  1354 | D:3      | 1354 ||| UPGRADING to +0 plate armour.
  1355 | D:3      | 1355 ||| UPGRADING to +0 plate armour.
  1356 | D:3      | 1356 ||| UPGRADING to +0 plate armour.
  1357 | D:3      | 1357 ||| UPGRADING to +0 plate armour.
  1358 | D:3      | 1358 ||| UPGRADING to +0 plate armour.
  1359 | D:3      | 1359 ||| UPGRADING to +0 plate armour.
  1360 | D:3      | 1360 ||| UPGRADING to +0 plate armour.
  1361 | D:3      | 1361 ||| UPGRADING to +0 plate armour.
  1362 | D:3      | 1362 ||| UPGRADING to +0 plate armour.
  1363 | D:3      | 1363 ||| UPGRADING to +0 plate armour.
  1364 | D:3      | 1364 ||| UPGRADING to +0 plate armour.
  1365 | D:3      | 1365 ||| UPGRADING to +0 plate armour.
  1366 | D:3      | 1366 ||| UPGRADING to +0 plate armour.
  1367 | D:3      | 1367 ||| UPGRADING to +0 plate armour.
  1368 | D:3      | 1368 ||| UPGRADING to +0 plate armour.
  1369 | D:3      | 1369 ||| UPGRADING to +0 plate armour.
  1370 | D:3      | 1370 ||| UPGRADING to +0 plate armour.
  1371 | D:3      | 1371 ||| UPGRADING to +0 plate armour.
  1372 | D:3      | 1372 ||| UPGRADING to +0 plate armour.
  1373 | D:3      | 1373 ||| UPGRADING to +0 plate armour.
  1374 | D:3      | 1374 ||| UPGRADING to +0 plate armour.
  1375 | D:3      | 1375 ||| UPGRADING to +0 plate armour.
  1376 | D:3      | 1376 ||| UPGRADING to +0 plate armour.
  1377 | D:3      | 1377 ||| UPGRADING to +0 plate armour.
  1378 | D:3      | 1378 ||| UPGRADING to +0 plate armour.
  1379 | D:3      | 1379 ||| UPGRADING to +0 plate armour.
  1380 | D:3      | 1380 ||| UPGRADING to +0 plate armour.
  1381 | D:3      | 1381 ||| UPGRADING to +0 plate armour.
  1382 | D:3      | 1382 ||| UPGRADING to +0 plate armour.
  1383 | D:3      | 1383 ||| UPGRADING to +0 plate armour.
  1384 | D:3      | 1384 ||| UPGRADING to +0 plate armour.
  1385 | D:3      | 1385 ||| UPGRADING to +0 plate armour.
  1386 | D:3      | 1386 ||| UPGRADING to +0 plate armour.
  1387 | D:3      | 1387 ||| UPGRADING to +0 plate armour.
  1388 | D:3      | 1388 ||| UPGRADING to +0 plate armour.
  1389 | D:3      | 1389 ||| UPGRADING to +0 plate armour.
  1390 | D:3      | 1390 ||| UPGRADING to +0 plate armour.
  1391 | D:3      | 1391 ||| UPGRADING to +0 plate armour.
  1392 | D:3      | 1392 ||| UPGRADING to +0 plate armour.
  1393 | D:3      | 1393 ||| UPGRADING to +0 plate armour.
  1394 | D:3      | 1394 ||| UPGRADING to +0 plate armour.
  1395 | D:3      | 1395 ||| UPGRADING to +0 plate armour.
  1395 | D:3      | HP: 5/23 [constriction (1)]
  1396 | D:3      | 1396 ||| READING 2 scrolls of teleportation.
  1397 | D:3      | 1397 ||| UPGRADING to +0 plate armour.
  1398 | D:3      | 1398 ||| UPGRADING to +0 plate armour.
  1399 | D:3      | 1399 ||| UPGRADING to +0 plate armour.
  1400 | D:3      | 1400 ||| UPGRADING to +0 plate armour.
  1471 | D:3      | 1471 ||| UPGRADING to +0 plate armour.
  1481 | D:3      | 1481 ||| DROPPING +0 scale mail.
  1951 | D:3      | 1951 ||| Stepping ~*~*~tactically~*~*~ (stealth).
  1952 | D:3      | 1952 ||| Stepping ~*~*~tactically~*~*~ (stealth).
  1969 | D:3      | 1969 ||| Stepping ~*~*~tactically~*~*~ (stealth).
  2038 | D:3      | 2038 ||| Stepping ~*~*~tactically~*~*~ (hiding).
  2045 | D:3      | Reached skill level 4 in Axes
  2045 | D:3      | Reached XP level 4. HP: 28/28 MP: 4/4
  2169 | D:3      | 2169 ||| Stepping ~*~*~tactically~*~*~ (hiding).
  2663 | D:4      | 2663 ||| Stepping ~*~*~tactically~*~*~ (hiding).
  2665 | D:4      | 2665 ||| Stepping ~*~*~tactically~*~*~ (hiding).
  2667 | D:4      | 2667 ||| Stepping ~*~*~tactically~*~*~ (hiding).
  2871 | D:4      | 2871 ||| Stepping ~*~*~tactically~*~*~ (stealth).
  2872 | D:4      | 2872 ||| Stepping ~*~*~tactically~*~*~ (stealth).
  2875 | D:4      | 2875 ||| READING scroll labelled ZABIAPS XIYBBI.
  3006 | D:4      | Found a burning altar of Makhleb.
  3094 | D:4      | Reached XP level 5. HP: 10/32 MP: 5/5
  3094 | D:4      | HP: 5/32 [gnoll/+0 spear[a gnoll bouda] (5)]
  3095 | D:4      | 3095 ||| READING 3 scrolls of teleportation.
  3096 | D:4      | Slain by a gnoll

Levels and vault maps discovered:
D:1:      minmay_arrival_four_houses, layout_rooms
D:2:      layout_loops_cross, minivault_11
D:3:      layout_basic, minmay_goblin_outpost
D:4:      wander_river, layout_gridville, kennysheep_mini

Skill      XL: |  1  2  3 |
---------------+----------+-----
Axes           | 2 3 4 |  4.6
Fighting       | |  3.2
Armour         | |  3.2
Shields        | |  3.2

Action                     |  1- 3 |  4- 6 || total
---------------------------+-------+-------++-------
  Melee: War axe           |    83 |    41 ||   124
         Kick              |     3 |       ||     3
    Use: Scroll            |     6 |     2 ||     8
         Potion            |     3 |       ||     3
 Armour: Scale mail        |   196 |       ||   196
         Plate armour      |    13 |    27 ||    40
  Dodge: Dodged            |    99 |     8 ||   107
  Block: Buckler           |    53 |     9 ||    62

Table legend:
 A = Non-vault XP
 B = Vault XP
 C = Vault XP percentage of total XP
 D = Non-vault monster count
 E = Vault monster count
 F = Vault count percentage of total count
                 A         B        C        D         E       F
            +---------+---------+-------+---------+---------+-------
      Total |     173 |       7 |   3.9 |      52 |       4 |   7.1
            +---------+---------+-------+---------+---------+-------
        D:1 |      31 |       0 |   0.0 |      19 |       0 |   0.0
        D:2 |      33 |       0 |   0.0 |      17 |       0 |   0.0
        D:3 |      54 |       7 |  11.5 |       8 |       4 |  33.3
        D:4 |      55 |       0 |   0.0 |       8 |       0 |   0.0
            +---------+---------+-------+---------+---------+-------
